 Dungeon Crawl Stone Soup version 0.28.0-49-g6dfe1f597d (webtiles) character file.

Game seed: 28857143558360217

3962 joe1234567 the Cudgeller (level 10, -2/53 HPs)
             Began as a Vine Stalker Fighter on May 12, 2022.
             Was an Initiate of Yredelemnul.
             Slain by an orc warrior
             ... wielding a +3 battleaxe
              (8 damage)
             ... on level 9 of the Dungeon.
             The game lasted 00:37:52 (8215 turns).

joe1234567 the Cudgeller (Vine Stalker Fighter)     Turns: 8215, Time: 00:37:53

Health: -2/53      AC: 15    Str: 20    XL:     10   Next: 22%
Magic:  0/11       EV:  6    Int:  8    God:    Yredelemnul [......]
Gold:   314        SH:  6    Dex: 17    Spells: 9/9 levels left

rFire   + . .      SeeInvis .   o - +3 whip (freeze)
rCold   + . .      Faith    +   c - +0 buckler
rNeg    . . .      Spirit   +   m - +0 plate armour
rPois   +          Reflect  .   g - +0 helmet
rElec   .          Harm     .   y - scarf {rC+ rF+}
rCorr   .          Rampage  .   (no gloves)
Will    +....                   E - +0 pair of boots
Stlth   ..........              G - amulet of faith
HPRegen 0.97/turn               p - ring of poison resistance
MPRegen 0.12/turn               (no ring)

@: no status effects
A: fangs 3, regeneration 1, magic shield, antimagic bite, no potion heal 2
a: Renounce Religion, Recall Undead Harvest


You were on level 9 of the Dungeon.
You worshipped Yredelemnul.
Yredelemnul was noncommittal.
You visited 2 branches of the dungeon, and saw 10 of its levels.

You collected 314 gold pieces.

Inventory:

Hand Weapons
 a - a +0 war axe
 e - a +2 dagger of flaming
 o - a +3 whip of freezing (weapon)
Armour
 b - a +0 scale mail
 c - a +0 buckler (worn)
 g - a +0 helmet (worn)
 m - a +0 plate armour (worn)
 y - a scarf of resistance (worn)
 E - a +0 pair of boots (worn)
Jewellery
 p - a ring of poison resistance (left hand)
 t - an amulet of regeneration
 v - a +6 ring of strength
 D - an amulet of magic regeneration
 G - an amulet of faith (around neck)
Wands
 q - a wand of flame (19)
 A - a wand of polymorph (9)
Scrolls
 f - a scroll of enchant weapon {unknown}
 j - 3 scrolls of blinking
 k - 3 scrolls of amnesia {unknown}
 r - a scroll of silence
 s - 2 scrolls of vulnerability {unknown}
 B - 3 scrolls of magic mapping
 F - a scroll of holy word
Potions
 d - a potion of attraction {unknown}
 i - 3 potions of mutation
 l - a potion of degeneration {unknown}
 n - 6 potions of curing
 u - 3 potions of brilliance {unknown}
 w - 2 potions of heal wounds {unknown}
 x - a potion of lignification {unknown}
 z - a potion of haste {unknown}
 C - a potion of invisibility {unknown}


   Skills:
 + Level 6.3 Fighting
 + Level 1.5 Short Blades
 + Level 2.5(5.5) Axes
 + Level 7.6(7.9) Maces & Flails
 + Level 6.7 Armour
 + Level 0.7 Dodging
 + Level 2.2 Stealth
 + Level 5.1 Shields
 + Level 1.9 Evocations


You had 9 spell levels left.
You didn't know any spells.
Your spell library contained the following spells:

 Spells                   Type           Power      Damage    Failure   Level
 Beastly Appendage        Tmut           0%         N/A       100%        1
 Scorch                   Fire           0%         2d5       100%        2
 Wereblood                Tmut           0%         N/A       100%        2
 Conjure Flame            Conj/Fire      0%         6-21      100%        3
 Ignite Poison            Fire/Tmut/Pois 0%         N/A       100%        3
 Portal Projectile        Hex/Tloc       0%         N/A       100%        3
 Spider Form              Tmut/Pois      0%         N/A       100%        3
 Flame Wave               Conj/Fire      0%         2d4       100%        4
 Hailstorm                Conj/Ice       0%         3d3       100%        4
 Ice Form                 Ice/Tmut       0%         N/A       100%        4
 Petrify                  Tmut/Erth      0%         N/A       100%        4
 Sticky Flame             Conj/Fire      0%         2d3       100%        4
 Blade Hands              Tmut           0%         N/A       100%        5
 Excruciating Wounds      Necr           0%         N/A       100%        5
 Metabolic Englaciation   Hex/Ice        0%         N/A       100%        5
 Simulacrum               Ice/Necr       0%         N/A       100%        6
 Statue Form              Tmut/Erth      0%         N/A       100%        6
 Summon Cactus Giant      Summ           0%         N/A       100%        6


Dungeon Overview and Level Annotations

Branches:
Dungeon (9/15)             Temple (1/1) D:5
   Lair: D:8-11         Orc: D:9-12

Altars:
Ashenzari
Cheibriados
Dithmenos
Elyvilon
Fedhas
Gozag
Hepliaklqana
Kikubaaqudgha
Makhleb
Nemelex Xobeh
Qazlal
Ru
Sif Muna
Trog
Vehumet
Wu Jian
Xom
Yredelemnul
Zin
The Shining One

Shops:
D:5 =   D:8 (


Innate Abilities, Weirdness & Mutations

You have razor-sharp teeth.
Your natural rate of healing is unusually fast.
When hurt, damage is shared between your health and your magic reserves.
Your bite disrupts and absorbs the magic of your enemies.
Potions cannot restore your health.


Message History

You block the orc warrior's attack. The orc hits you but does no damage.
Your orc wizard zombie barely misses the orc.
You hit the orc. You freeze the orc. You bite the orc. You drain its power.
You feel invigorated.
The orc is almost dead.
The orc warrior hits you with a +3 battleaxe.
The orc barely misses you.
Your orc wizard zombie hits the orc.
The orc dies!
The orc warrior hits you with a +3 battleaxe.
Things that are here:
a +0 club; a +0 leather armour The orc warrior hits you with a +3 battleaxe!
You block the orc warrior's attack.
The orc warrior hits your orc wizard zombie with a +3 battleaxe!
Your orc wizard zombie hits the orc warrior.
You hit the orc warrior. You freeze the orc warrior.
You bite the orc warrior, but do no damage.
The orc warrior is moderately wounded.
The orc warrior barely misses you.
The orc warrior hits your orc wizard zombie with a +3 battleaxe!
Your orc wizard zombie hits the orc warrior but does no damage.
You hit the orc warrior. You freeze the orc warrior.
The orc warrior is heavily wounded.
The orc warrior hits you with a +3 battleaxe!
* * * LOW HITPOINT WARNING * * *
The orc warrior hits your orc wizard zombie with a +3 battleaxe!!
Your orc wizard zombie is destroyed!
You closely miss the orc warrior.
The orc warrior is heavily wounded.
You hit the orc warrior. You freeze the orc warrior.
Your bite misses the orc warrior.
The orc warrior is heavily wounded.
The orc warrior hits you with a +3 battleaxe!
* * * LOW HITPOINT WARNING * * *
You hit the orc warrior but do no damage.
You bite the orc warrior! You drain its power.
You feel invigorated.
The orc warrior is almost dead.
The orc warrior hits you with a +3 battleaxe!!
You die...
Your body rises from the dead as a mindless zombie.

## ...
####+### ...#
#......##..!#
##...........#
+............#
#............#
#....)..#
#...@o..#
##<.....#
#......#
#..........
#..........
#...........
#......#####
#......#
########


You could see an orc warrior.

Vanquished Creatures
  Sigmund (D:6)
  4 yaks (D:8)
  A wyvern (D:8)
  A steam dragon (D:8)
  4 sky beasts
  An orc warrior (D:6)
  A necrophage (D:8)
  3 centaurs
  Blork the orc (D:6)
  A bullfrog (D:7)
  A kobold brigand (D:7)
  2 scorpions
  A wyvern skeleton (D:6)
  A water moccasin skeleton (D:6)
  3 killer bees (D:8)
  2 wights (D:8)
  3 howler monkeys (D:7)
  A bullfrog zombie (D:5)
  3 orc priests
  4 bullfrog skeletons
  3 gnoll shamans
  A jelly (D:7)
  A hound (D:4)
  4 orc wizards
  2 killer bee zombies
  A howler monkey skeleton (D:4)
  13 adders
  10 gnolls
  A white imp (D:5)
  2 ufetubi
  A worm (D:3)
  4 dart slugs
  14 orcs
  6 ball pythons
  8 bats
  5 endoplasms
  5 giant cockroaches
  5 goblins
  7 hobgoblins
  2 jackals (D:4)
  19 kobolds
  A quokka (D:1)
  A frilled lizard (D:2)
  3 rats
158 creatures vanquished.

Vanquished Creatures (collateral kills)
  An acid dragon (D:8)
  A black bear (D:8)
  A kobold brigand (D:7)
  A gnoll sergeant (D:4)
  A scorpion (D:4)
  2 killer bees (D:8)
  A wight (D:8)
  A jelly (D:5)
  2 gnolls (D:4)
  An adder (D:4)
  A white imp (D:7)
  4 orcs
  3 bats (D:4)
  An endoplasm (D:3)
  2 kobolds (D:7)
23 creatures vanquished.

Vanquished Creatures (others)
  A wyvern zombie (D:8)
  2 yak zombies (D:8)
  2 centaur zombies
  A killer bee zombie (D:8)
  A howler monkey zombie (D:7)
  A spectral jelly (D:5)
  2 adder zombies
  A spectral white imp (D:7)
  3 bat zombies (D:4)
  A ball python zombie (D:4)
  2 gnoll zombies (D:8)
  3 kobold zombies (D:7)
  5 orc zombies
  19 fungi (D:4)
44 creatures vanquished.

Grand Total: 225 creatures vanquished

Notes
Turn   | Place    | Note
-------+----------+-------------------------------------------
     0 | D:1      | joe1234567 the Vine Stalker Fighter began the quest for the
                  | Orb.
     0 | D:1      | Reached XP level 1. HP: 11/11 MP: 2/2
    44 | D:1      | Reached XP level 2. HP: 13/16 MP: 3/3
   639 | D:2      | Reached XP level 3. HP: 17/20 MP: 2/4
   973 | D:2      | Gained mutation: Your natural rate of healing is unusually
                  | fast. [Vine Stalker growth]
   973 | D:2      | Reached XP level 4. HP: 16/24 MP: 3/5
  1770 | D:3      | Reached skill level 1 in Short Blades
  1811 | D:3      | Identified the +1 trident of Reos {protect, *Noise rF++
                  | Int+3 Dex+3}
  1997 | D:3      | Reached XP level 5. HP: 15/28 MP: 4/6
  2087 | D:3      | Found a basalt altar of Yredelemnul.
  2122 | D:3      | Became a worshipper of Yredelemnul the Dark
  2188 | D:3      | Found a radiant altar of Vehumet.
  2302 | D:3      | Found a faded altar of an unknown god.
  2430 | D:3      | Reached * piety under Yredelemnul
  2452 | D:3      | Found an ancient bone altar of Kikubaaqudgha.
  2876 | D:4      | Reached skill level 1 in Maces & Flails
  3346 | D:4      | Reached XP level 6. HP: 32/32 MP: 7/7
  3382 | D:4      | Reached skill level 2 in Maces & Flails
  3422 | D:4      | Reached ** piety under Yredelemnul
  3443 | D:4      | Reached skill level 1 in Stealth
  3568 | D:4      | Found a glowing silver altar of Zin.
  3568 | D:4      | Noticed an angel
  3789 | D:4      | Reached XP level 7. HP: 36/36 MP: 8/8
  3816 | D:4      | Reached skill level 3 in Maces & Flails
  4252 | D:5      | Entered Level 5 of the Dungeon
  4266 | D:5      | Found a staircase to the Ecumenical Temple.
  4315 | D:5      | Found Peninew's Jewellery Shop.
  4727 | D:5      | Found a sacrificial altar of Ru.
  4862 | D:5      | Reached skill level 4 in Maces & Flails
  4902 | D:5      | Gained mutation: You have razor-sharp teeth. [Vine Stalker
                  | growth]
  4902 | D:5      | Reached XP level 8. HP: 42/42 MP: 9/9
  5017 | Temple   | Entered the Ecumenical Temple
  5368 | D:6      | Found a stormy altar of Qazlal.
  5423 | D:6      | Noticed Blork the orc
  5449 | D:6      | Killed Blork the orc
  5687 | D:6      | Noticed Sigmund
  5699 | D:6      | Killed Sigmund
  5700 | D:6      | Reached skill level 5 in Maces & Flails
  6459 | D:7      | Reached skill level 6 in Maces & Flails
  6459 | D:7      | Reached skill level 5 in Armour
  6497 | D:7      | Reached XP level 9. HP: 46/46 MP: 10/10
  6776 | D:7      | Found a blossoming altar of Fedhas.
  6949 | D:7      | Found a white marble altar of Elyvilon.
  7083 | D:7      | Reached skill level 5 in Fighting
  7504 | D:8      | Reached skill level 1 in Evocations
  7580 | D:8      | Reached skill level 7 in Maces & Flails
  7824 | D:8      | Reached XP level 10. HP: 14/53 MP: 4/11
  7863 | D:8      | Reached skill level 5 in Shields
  7997 | D:8      | Found a shimmering altar of Xom.
  8055 | D:8      | Found Awipaim's Weapon Emporium.
  8215 | D:9      | Slain by an orc warrior

Illustrated notes

Levels and vault maps discovered:
D:1:      dpeg_arrival_simpleton_a, layout_rooms
D:2:      layout_loops_corners
D:3:      layout_loops_corners, lemuel_doored_altar,
          nicolae_kikubaaqudgha_miasma_corner, vehumet_altar_wand_db,
          overflow_temple_1_default, ebering_ecumenical_altar_ruins
D:4:      old_forge, layout_basic, zin_angel, nrook_uturn, corexii_checkpoint_a
D:5:      minmay_angry_zag, layout_cave_pools, nicolae_overflow_crystal_walls,
          minmay_temple_entry_wispy, serial_shops, nicolae_shop_window_shopping
D:6:      layout_basic, mainiacjoe_overflow_tiny_flanked, uniq_sigmund,
          uniq_blork_the_orc
D:7:      layout_loops_corners, nicolae_overflow_hidden_temple,
          mainiacjoe_overflow_surrounded_room, solitary_fountain
D:8:      layout_rooms, mainiacjoe_overflow_cross_hatched, serial_shops,
          nicolae_shop_bloodbath_and_beyond
D:9:      layout_gridville, nicolae_uskayaw_murder_on_the_dancefloor,
          david_lair_generic, erik_orc_1,
          ploomutoo_gammafunk_ghost_potion_laboratory, eino_jars
Temple:   jpeg_temple_clearing

Skill      XL: |  1  2  3  4  5  6  7  8  9 10 |
---------------+-------------------------------+-----
Fighting       | 3 4 5 6 |  6.3
Shields        | 3 4 5 |  5.1
Axes           | 2 |  2.5
Short Blades   | 1 |  1.5
Armour         | 3 4 5 6 |  6.7
Maces & Flails | 1 2 4 6 7 |  7.6
Stealth        | 1 2 |  2.2
Evocations     | 1 |  1.9
Dodging        | |  0.7

Action                   |  1- 3 |  4- 6 |  7- 9 | 10-12 || total
-------------------------+-------+-------+-------+-------++-------
Melee: War axe           |    42 |       |       |       ||    42
       Bite              |    14 |    40 |    96 |    15 ||   165
       Dagger            |    44 |    16 |       |       ||    60
       Whip              |       |   138 |   308 |    36 ||   482
Evoke: Wand              |       |       |     4 |       ||     4
  Use: Scroll            |       |       |     7 |       ||     7
       Potion            |       |       |     2 |       ||     2
 Stab: Distracted        |       |     1 |     1 |     1 ||     3
Armor: Scale mail        |    54 |     6 |       |       ||    60
       Plate armour      |       |   120 |   185 |    18 ||   323
Dodge: Dodged            |    46 |    45 |    87 |     9 ||   187
Block: Buckler           |    21 |    53 |    93 |    10 ||   177
